 Dungeon Crawl Stone Soup version 0.30-a0-986-g7f2e898f52 (webtiles) character file.

Game seed: 5271526890704533994

967 Madmarshman the Chopper (level 7, -4/63 HPs)
             Began as a Minotaur Berserker on Apr 2, 2023.
             Was a Believer of Trog.
             Slain by Prince Ribbit (7 damage)
             ... on level 5 of the Dungeon.
             The game lasted 00:31:36 (4574 turns).

Madmarshman the Chopper (Minotaur Berserker)        Turns: 4574, Time: 00:31:37

Health: -4/63      AC: 13    Str: 24    XL:     7   Next: 93%
Magic:  6/6        EV:  8    Int: 10    God:    Trog [**....]
Gold:   288        SH:  0    Dex:  9    Spells: 6/6 levels left

rFire   . . .      SeeInvis .    j - +3 long sword "Earthworm" {flame, rPois rN++ rCorr Stlth-}
rCold   . . .      Faith    .    (no shield)
rNeg    + + .      Spirit   .    g - +0 plate armour
rPois   +          Reflect  .    (helmet restricted)
rElec   .          Rampage  .    r - +0 cloak {Will+}
rCorr   +                        (no gloves)
Will    +....                    (no boots) Stlth
                                 (no amulet)
HPRegen 0.30/turn                c - +6 ring of intelligence
MPRegen 0.10/turn                (no ring)

@: on berserk cooldown, slowed, very slow
A: horns 2, retaliatory headbutt
a: Renounce Religion, Berserk, Trog's Hand


You were on level 5 of the Dungeon.
You worshipped Trog.
Trog was pleased with you.
You visited 1 branch of the dungeon, and saw 5 of its levels.

You collected 288 gold pieces.

Inventory:

Hand Weapons
 a - a +0 hand axe
 b - a +0 sling
 j - the +3 long sword "Earthworm" (weapon) {flame, rPois rN++ rCorr Stlth-}
   (You found it on level 5 of the Dungeon)

   rPois:     It protects you from poison.
   rN:        It greatly protects you from negative energy.
   rCorr:     It protects you from acid and corrosion.
   Stlth:     It makes you less stealthy.
 q - a +2 quarterstaff of chaos
 s - a +0 hammer of protection
 H - a +0 vampiric dagger
Missiles
 h - 42 stones (quivered)
 x - 3 boomerangs
Armour
 g - a +0 plate armour (worn)
 r - a +0 cloak of willpower (worn)
 w - a +2 ring mail of willpower
Magical Staves
 z - a staff of earth
Jewellery
 c - a +6 ring of intelligence (left hand)
Wands
 m - a wand of polymorph (24)
Scrolls
 e - 3 scrolls of blinking
 i - 2 scrolls of enchant armour
 k - a scroll of vulnerability {unknown}
 n - a scroll of noise {unknown}
 o - 3 scrolls of fear
 y - 2 scrolls of fog
 A - 2 scrolls of amnesia
 C - 2 scrolls of enchant weapon {unknown}
 D - a scroll of brand weapon {unknown}
 E - a scroll of teleportation {unknown}
 I - a scroll of identify
Potions
 d - a potion of heal wounds {unknown}
 f - 6 potions of curing
 l - 2 potions of brilliance {unknown}
 p - 2 potions of flight {unknown}
 t - a potion of magic {unknown}
 u - 3 potions of attraction {unknown}
 v - 3 potions of haste {unknown}
 B - a potion of ambrosia {unknown}
 F - a potion of invisibility {unknown}
 G - a potion of degeneration {unknown}


   Skills:
 + Level 6.0 Fighting
 + Level 1.2 Long Blades
 * Level 7.8 Axes
 + Level 5.3 Armour
 + Level 4.8 Dodging


You had 6 spell levels left.
You didn't know any spells.
Your spell library was empty.

Dungeon Overview and Level Annotations

Branches:
Dungeon (5/15)             Temple (0/1) D:5

Altars:
Dithmenos
Elyvilon
Fedhas
Yredelemnul

Annotations:
D:5 Pikel, Prince Ribbit


Innate Abilities, Weirdness & Mutations

You have a pair of horns on your head.
You reflexively headbutt those who attack you in melee.


Message History

The hound barely misses you. Prince Ribbit hits you!
The hound bites you but does no damage. Prince Ribbit hits you.
You miss Prince Ribbit.
Prince Ribbit is moderately wounded.
The hound bites you but does no damage. Prince Ribbit barely misses you.
The hound closely misses you. You furiously retaliate!
You headbutt the hound.
Prince Ribbit hops awkwardly around.
Prince Ribbit hits you! The hound bites you but does no damage.
Prince Ribbit hits you.
Pikel, Merchant of Souls comes into view.
He is wielding a +0 whip of flaming.
You closely miss Prince Ribbit.
Pikel shouts!
Your headbutt misses Prince Ribbit.
Prince Ribbit is moderately wounded.
The hound bites you. Prince Ribbit hits you!
* * * LOW HITPOINT WARNING * * *
The hound bites you but does no damage.
Prince Ribbit hits you but does no damage.
The hound closely misses you. Prince Ribbit closely misses you.
You hit Prince Ribbit. You burn Prince Ribbit.
Your headbutt misses Prince Ribbit.
Prince Ribbit is heavily wounded.
The hound bites you but does no damage. Prince Ribbit hits you!
* * * LOW HITPOINT WARNING * * *
The hound barely misses you. Prince Ribbit hits you.
* * * LOW HITPOINT WARNING * * *
The hound bites you but does no damage.
Blink to where?
Press: ? - help, Dir - move target
As you read the scroll of blinking, it crumbles to dust.
Prince Ribbit barely misses you. Prince Ribbit attacks as you move away!
Prince Ribbit hits you but does no damage. x2
Prince Ribbit attacks as you move away!
Prince Ribbit hits you but does no damage.
Prince Ribbit closely misses you. You furiously retaliate!
You headbutt Prince Ribbit! Prince Ribbit hits you.
* * * LOW HITPOINT WARNING * * *
The hound bites you but does no damage. Prince Ribbit hits you!
You die...

≈≈....####..#.#.......#.#
≈≈..### #............#.#
≈≈..# #....#.#..####.#
≈≈.## #......#.......#
≈..# #...##.#..######
...# #...##....## ...#
#...###....# ...####
#...####..>#
......####...5.h@.#.#
#####....)...#.F.##.#
########§#...# .# #5#...#
.# #####w##.## #...K.##..
#.##.5##..# #........
.......


You could see Prince Ribbit, a lemure and a hound.

Vanquished Creatures
  The ghost of hofbold the Trooper, an amateur OgMo (D:4)
  Sigmund (D:2)
  2 black bears (D:4)
  2 lemures (D:5)
  6 hounds
  Crazy Yiuf (D:2)
  A jelly (D:5)
  4 iguanas
  A sleepcap (D:5)
  6 adders
  2 worms (D:4)
  3 dart slugs
  2 orcs (D:4)
  An endoplasm (D:3)
  2 giant cockroaches
  7 goblins
  4 hobgoblins
  2 jackals (D:2)
  2 kobolds
  3 quokkas
  3 ball pythons
  6 bats
  2 frilled lizards
  5 rats
69 creatures vanquished.

Notes
Turn   | Place    | Note
-------+----------+-------------------------------------------
     0 | D:1      | Madmarshman the Minotaur Berserker began the quest for the
                  | Orb.
     0 | D:1      | Reached XP level 1. HP: 19/19 MP: 0/0
   373 | D:1      | Reached XP level 2. HP: 26/27 MP: 1/1
   383 | D:1      | Reached skill level 4 in Axes
  1490 | D:2      | Reached ** piety under Trog
  1491 | D:2      | Reached XP level 3. HP: 33/33 MP: 2/2
  1595 | D:2      | Noticed Sigmund
  1601 | D:2      | Killed Sigmund
  1602 | D:2      | Reached skill level 5 in Axes
  1602 | D:2      | Reached XP level 4. HP: 41/41 MP: 3/3
  1602 | D:2      | Reached XP level 5. HP: 47/47 MP: 4/4
  1663 | D:2      | Found a runed translucent door.
  1664 | D:2      | Noticed Crazy Yiuf
  1674 | D:2      | Killed Crazy Yiuf
  2277 | D:3      | Found a white marble altar of Elyvilon.
  2401 | D:3      | Found a shadowy altar of Dithmenos.
  2568 | D:3      | Found a basalt altar of Yredelemnul.
  2770 | D:4      | Noticed a black bear
  2783 | D:4      | Killed a black bear
  2784 | D:4      | Reached skill level 5 in Fighting
  2784 | D:4      | Reached skill level 6 in Axes
  2784 | D:4      | Reached XP level 6. HP: 48/56 MP: 5/5
  2959 | D:4      | Found a blossoming altar of Fedhas.
  3549 | D:4      | Reached XP level 7. HP: 56/61 MP: 6/6
  3639 | D:4      | Found a runed translucent door.
  3639 | D:4      | Noticed hofbold's ghost (amateur OgMo)
  3721 | D:4      | Killed hofbold's ghost
  3722 | D:4      | Reached skill level 7 in Axes
  4091 | D:5      | Entered Level 5 of the Dungeon
  4100 | D:5      | Reached skill level 5 in Armour
  4180 | D:5      | Found a staircase to the Ecumenical Temple.
  4206 | D:5      | Identified the +3 long sword "Earthworm" {flame, rPois rN++
                  | rCorr Stlth-}
  4380 | D:5      | Reached skill level 1 in Long Blades
  4546 | D:5      | Noticed Prince Ribbit
  4568 | D:5      | Noticed Pikel
  4570 | D:5      | HP: 2/63 [Prince Ribbit (6)]
  4574 | D:5      | Slain by Prince Ribbit

Illustrated notes

Levels and vault maps discovered:
D:1:      nzn_arrival_settlement, layout_basic, serial_forest,
          infiniplex_forest_straight_1, infiniplex_forest_clump_tiny,
          infiniplex_forest_corner_2, infiniplex_forest_zigzag_2,
          infiniplex_forest_clump_medium, infiniplex_forest_split,
          infiniplex_forest_clump_double, infiniplex_forest_clump_curved
D:2:      layout_loops_ring, uniq_sigmund, uniq_crazy_yiuf_cottage
D:3:      layout_rooms, kennysheep_ying_yang, mainiacjoe_overflow_alcove_2,
          interstate_on_off
D:4:      layout_gridville, mainiacjoe_overflow_boulevard,
          gammafunk_ghost_grave, st_stairs_6
D:5:      layout_basic, temple_pool_b, st_stairs_5, uniq_pikel,
          uniq_prince_ribbit1

Skill      XL: |  1  2  3  4  5  6  7 |
---------------+----------------------+-----
Axes           | 4 5 6 7 |  7.8
Fighting       | 4 5 6 |  6.0
Armour         | 3 4 5 |  5.3
Dodging        | 3 4 |  4.8
Long Blades    | 1 |  1.2

Action                     |  1- 3 |  4- 6 |  7- 9 || total
---------------------------+-------+-------+-------++-------
  Melee: Hand axe          |    55 |    88 |    29 ||   172
         Headbutt          |     9 |    20 |    14 ||    43
         Punch             |       |     1 |       ||     1
         Long sword        |       |       |    32 ||    32
 Invoke: Berserk           |     1 |       |     2 ||     3
         Trog's Hand       |     1 |       |     1 ||     2
    Use: Scroll            |       |       |     7 ||     7
 Armour: Leather armour    |     6 |       |       ||     6
         Plate armour      |    12 |    69 |    37 ||   118
  Dodge: Dodged            |    18 |    30 |    28 ||    76

Table legend: (Time is in decaauts)
 A = Elapsed time spent in this place.
 B = Non-inter-level travel time spent in this place.
 C = Inter-level travel time spent in this place.
 D = Time resting spent in this place.
 E = Time spent auto-exploring this place.
 F = Levels seen in this place.
 G = Mean time per level.
                   A        B        C        D        E       F      G
               +--------+--------+--------+--------+--------+-----+--------+
         Total |   4602 |   4528 |     74 |    556 |   3291 |   5 |  920.4 |
       Dungeon |   4602 |   4528 |     74 |    556 |   3291 |   5 |  920.4 |
               +--------+--------+--------+--------+--------+-----+--------+

Top non-repeatable levels by time:
     D:4: 1422 daAuts
     D:1: 1199 daAuts
     D:2: 950 daAuts
     D:3: 537 daAuts
     D:5: 492 daAuts
